AoeStats
← joeldenouden98

Black Forest

503693560Analyzed
4v4 RM · 29d ago on Sep 1, 2026· 55m 53s· 8 players
Game mode
Random Map
Map size
Large (8 player)
Population
200
Speed
Normal
Resources
Standard
Victory
Conquest
Starting age
Dark Age
Ending age
Imperial Age
RankedLock teamsTeams togetherTeam positionsShared explorationLock speedFull tech treeHidden civsTurbo modeCheats
Victory
Defeat
🇨🇦 Ethiopians · Canada
1454
+4
🇨🇦 Mongols · Canada
1258
+11
🇳🇱 Spanish · Netherlands
1046
+62
🇬🇧 Wei · United Kingdom
654
+30
🇹🇷 Burgundians · Türkiye
1167
-19
🇺🇸 Britons · United States
1136
-18
🇦🇷 Saracens · Argentina
1135
-17
🇹🇷 Bohemians · Türkiye
1119
-17
Prusias
0:33 Loom
8:42 Double-Bit Axe
13:30 Feudal Age
15:16 Bow Saw
17:08 Castle Age
15:37 Stone Mining
16:01 Fishing Lines
17:19 Gillnets
19:19 Two-Man Saw
24:42 Wheelbarrow
24:19 Horse Collar
26:49 Hand Cart
26:57 Burgundian Vineyards
28:49 Heavy Plow
30:25 Gold Mining
31:08 Crop Rotation
33:45 Imperial Age
31:28 Husbandry
31:35 Scale Barding Armor
31:41 Forging
31:22 Fletching
30:59 Light Cavalry
32:59 Gold Shaft Mining
33:30 Stone Shaft Mining
34:27 Chain Barding Armor
34:43 Iron Casting
34:46 Conscription
33:48 Elite Coustillier
35:21 Hoardings
34:18 Hussar
36:13 Plate Barding Armor
37:50 Blast Furnace
36:47 Bodkin Arrow
37:56 Caravan
38:26 Coinage
38:07 Guilds
40:24 Banking
48:41 Bracer
48:11 Cavalier
49:45 Paladin
50:32 Paladin
52:00 Ballistics
52:41 Chemistry
Steppo
0:45 Loom
13:39 Feudal Age
14:41 Double-Bit Axe
15:43 Town Watch
17:58 Castle Age
15:43 Horse Collar
20:21 Bow Saw
20:46 Heavy Plow
24:37 Caravan
25:21 Stone Mining
25:22 Gold Mining
30:10 Gold Shaft Mining
30:27 Fletching
32:25 Wheelbarrow
31:52 Bodkin Arrow
32:32 Treadmill Crane
35:25 Imperial Age
33:23 Ballistics
33:15 Padded Archer Armor
32:43 Pikeman
33:24 Squires
34:33 Hand Cart
34:32 Masonry
34:19 Murder Holes
34:19 Guard Tower
34:19 Elite Skirmisher
34:23 Light Cavalry
35:04 Husbandry
35:50 Town Patrol
36:16 Forging
36:08 Bracer
36:09 Scale Mail Armor
37:21 Conscription
39:37 Leather Archer Armor
39:58 Iron Casting
39:29 Scale Barding Armor
39:40 Chain Mail Armor
39:38 Siege Engineers
40:11 Keep
39:22 Arrowslits
40:13 Architecture
41:25 Two-Man Saw
40:02 Halberdier
41:05 Elite Longbowman
42:22 Ring Archer Armor
42:53 Blast Furnace
42:40 Yeomen
43:16 Warwolf
42:59 Onager
45:02 Hoardings
YemYesiL
11:36 Feudal Age
11:40 Loom
15:50 Castle Age
14:01 Double-Bit Axe
14:13 Horse Collar
22:57 Bow Saw
24:23 Heavy Plow
28:24 Forging
28:15 Scale Mail Armor
28:53 Wheelbarrow
29:32 Squires
28:53 Pikeman
29:21 Arson
30:15 Iron Casting
30:01 Chain Mail Armor
34:19 Imperial Age
35:23 Chemistry
34:45 Ballistics
34:23 Murder Holes
34:40 Masonry
34:25 Halberdier
36:09 Blast Furnace
35:41 Plate Mail Armor
35:31 Wagenburg Tactics
35:47 Siege Engineers
38:40 Houfnice
49:28 Elite Skirmisher
50:32 Fletching
50:43 Padded Archer Armor
52:20 Bodkin Arrow
52:42 Leather Archer Armor
53:02 Bracer
55:40 Ring Archer Armor
LadenStone72050
0:27 Loom
10:30 Feudal Age
11:56 Wheelbarrow
17:52 Castle Age
16:15 Double-Bit Axe
18:51 Hand Cart
18:54 Bow Saw
18:55 Fishing Lines
23:08 Gillnets
30:13 Imperial Age
28:17 Gold Mining
28:44 Town Watch
29:13 Forging
29:38 Scale Barding Armor
30:42 Fervor
30:53 Sanctity
31:20 Iron Casting
31:05 Chain Barding Armor
32:12 Chemistry
30:40 Elite Mameluke
32:30 Gold Shaft Mining
31:47 Stone Mining
31:53 Horse Collar
33:14 Heavy Plow
33:36 Onager
34:31 Husbandry
36:50 Blast Furnace
36:07 Siege Engineers
35:33 Light Cavalry
36:30 Bloodlines
36:49 Hussar
38:40 Two-Man Saw
38:48 Plate Barding Armor
39:25 Conscription
39:16 Bimaristan
39:22 Bimaristan
39:50 Hoardings
45:30 Caravan
Moshtaf
11:53 Feudal Age
10:09 Loom
12:30 Double-Bit Axe
15:23 Castle Age
13:40 Loom
16:32 Bow Saw
16:04 Horse Collar
23:13 Wheelbarrow
22:24 Town Watch
23:34 Wheelbarrow
22:46 Town Watch
23:08 Gold Mining
25:21 Fletching
25:31 Padded Archer Armor
27:17 Bodkin Arrow
27:37 Leather Archer Armor
27:29 Scale Barding Armor
30:03 Imperial Age
29:32 Caravan
31:12 Conscription
30:54 Bracer
31:10 Leather Archer Armor
31:02 Scale Barding Armor
31:07 Forging
33:35 Bloodlines
33:27 Husbandry
32:48 Light Cavalry
34:37 Chain Barding Armor
35:13 Drill
34:41 Onager
37:03 Chain Barding Armor
37:20 Iron Casting
36:07 Hussar
37:53 Siege Onager
39:28 Hand Cart
39:14 Town Patrol
40:46 Heavy Plow
40:25 Cavalier
43:55 Blast Furnace
53:53 Sappers
56:54 Chemistry
56:16 Ballistics
joeldenouden98
1:02 Loom
12:37 Feudal Age
17:17 Castle Age
15:36 Double-Bit Axe
18:20 Horse Collar
25:12 Bow Saw
24:54 Gold Mining
27:17 Stone Mining
28:04 Heavy Plow
29:05 Caravan
31:01 Fortified Wall
31:59 Wheelbarrow
32:00 Bloodlines
35:33 Imperial Age
34:36 Murder Holes
35:04 Ballistics
35:55 Hand Cart
35:25 Town Watch
37:19 Chemistry
37:15 Conscription
37:36 Hoardings
38:23 Two-Man Saw
40:06 Elite Conquistador
40:54 Scale Barding Armor
41:00 Forging
41:23 Supremacy
41:50 Coinage
41:01 Cavalier
42:04 Chain Barding Armor
42:42 Devotion
43:13 Paladin
44:39 Plate Barding Armor
44:40 Iron Casting
46:48 Scale Mail Armor
47:49 Blast Furnace
47:36 Bombard Tower
49:57 Chain Mail Armor
53:33 Arrowslits
55:49 Guard Tower
ClickBoss
11:14 Feudal Age
12:15 Horse Collar
12:21 Double-Bit Axe
16:48 Castle Age
17:55 Bow Saw
28:07 Gold Mining
33:39 Tuntian
37:35 Imperial Age
38:30 Bloodlines
38:21 Husbandry
37:46 Heavy Hei Guang Cavalry
39:09 Parthian Tactics
38:49 Thumb Ring
38:39 Fletching
39:01 Forging
38:56 Scale Barding Armor
40:43 Bodkin Arrow
42:49 Bracer
46:31 Wheelbarrow
45:45 Loom
45:46 Town Watch
46:40 Iron Casting
46:25 Chain Barding Armor
48:53 Blast Furnace
50:27 Hand Cart
VIT | Hera
1:00 Loom
12:19 Feudal Age
13:25 Double-Bit Axe
15:52 Castle Age
15:28 Horse Collar
16:56 Bow Saw
17:28 Fishing Lines
17:51 Heavy Plow
23:29 Wheelbarrow
23:01 Gillnets
24:39 Hand Cart
25:38 Gold Mining
25:39 Stone Mining
25:52 Caravan
26:31 Fletching
30:22 Imperial Age
27:41 Town Watch
27:57 Bodkin Arrow
28:24 Ballistics
28:47 Padded Archer Armor
29:29 Crossbowman
30:14 Thumb Ring
30:28 Leather Archer Armor
30:24 Masonry
32:06 Two-Man Saw
31:08 Bracer
31:40 Ring Archer Armor
32:12 Chemistry
31:51 Ring Archer Armor
31:29 Arbalester
32:28 Siege Engineers
32:13 Onager
34:34 Architecture
34:22 Siege Onager
38:45 Coinage
38:22 Torsion Engines
38:43 Conscription
39:03 Town Patrol
40:49 Guard Tower
44:00 Banking
Connection lost

Rejoining the realm…

Still unreachable

The connection could not be restored.

Session expired

The server has moved on; the page needs a fresh start.